[Event "*** SCC Grand Prix: Titled Tuesday Blitz"]
[Site "Chess.com"]
[Date "2020.09.29"]
[Round "5"]
[White "ALeks_Ivlev"]
[Black "queen_iryna"]
[Result "1/2-1/2"]
[WhiteElo "2513"]
[BlackElo "2299"]
[TimeControl "180+1"]
[EndTime "10:56:31 PDT"]
[Termination "Game drawn by agreement"]

1. d4 d5 2. c4 c6 3. Nf3 Nf6 4. e3 Bf5 5. Nc3 e6 6. Nh4 Bg6 7. Bd2 Nbd7 8. Nxg6 hxg6 9. Bd3 Bd6 10. h3 g5 11. e4 dxe4 12. Nxe4 Nxe4 13. Bxe4 Nf6 14. Bxg5 Bb4+ 15. Kf1 Be7 16. Bf3 Qa5 17. Be3 Rd8 18. Qb3 O-O 19. g3 b5 20. Kg2 bxc4 21. Qxc4 Nd5 22.
Rhd1 Nxe3+ 23. fxe3 c5 24. d5 exd5 25. Bxd5 Qb6 26.
Rd2 Bf6 27. Rad1 Rde8 28. e4 Bd4 29. Rf1 Qg6 30. Rd3 Bxb2 31. Qxc5 Rc8 32. Qf2 Bf6 33. Qf5 Qxf5 34. Rxf5 Rc2+ 35. Rf2 Rxf2+ 36. Kxf2 Rc8 37. Rb3 Rc2+ 38. Kf3 Rc3+ 39. Rxc3 Bxc3 40. Ke3 Be5 41. Kf3 Kf8 42. Kg4 Ke7 43. h4 Kf6 44. Kf3 Bd6 45. g4 Ke7 46. Ke3 Be5 47. Kd3 f6 48. Kc4 Kd6 49.
Kb5 Bd4 50. Ka6 Ke5 51. Kb5 Kf4 52. Kc4 Bf2 53. Be6 Kxe4 54. Bf5+ Ke5 55. h5 Bb6 56. Kb5 Bg1 57. Kc6 Kf4 58. Kd7 Kg5 59. Ke6 Kh6 60. a4 Bf2 61. Bg6 Bg1 62. Kf5 Bf2 63. a5 Bg1 64. a6 Bf2 65. Be8 Bg1 66. Ba4 Bf2 67. Bd1 Bg1 68. Ke6 Bf2 69. Kf7 Bg1 70. Be2 Bf2 71. Ke6 Bg1 72. Kd5 Bf2 73. Ke4 Bg1 74.
Kd3 Bf2 75. Kc2 Bb6 76. Kd1 Bc5 77. Ke1 Bd4 78. Kf1 Bb6 79. Kg2 Bc5 80. Kf3 Bb6 81. Ke4 Bg1 82. Kf5 Bf2 83. g5+ fxg5 84. Bg4 Bb6 85.
Ke6 Be3 86. Kf7 Bf2 87. Bf3 1/2-1/2

[Event "*** SCC Grand Prix: Titled Tuesday Blitz"]
[Site "Chess.com"]
[Date "2020.09.29"]
[Round "5"]
[White "Forantes"]
[Black "Fh2411"]
[Result "0-1"]
[WhiteElo "2372"]
[BlackElo "2534"]
[TimeControl "180+1"]
[EndTime "10:56:32 PDT"]
[Termination "Fh2411 won by resignation"]

1. Nf3 d5 2. g3 c6 3. Bg2 Bf5 4. O-O e6 5. d4 Nf6 6. c4 Nbd7 7. Nc3 Be7 8. Nh4 Bg4 9. h3 Bh5 10. g4 Bg6 11. Nxg6 hxg6 12. Qb3 Qb6 13. c5 Qxb3 14.
axb3 e5 15. dxe5 Nxe5 16. Bf4 Nfd7 17. b4 g5 18. Bg3 O-O 19. b5 Bxc5 20. bxc6 bxc6 21.
Rfd1 Bb6 22. b4 Rac8 23. b5 cxb5 24. Nxd5 Rfe8 25. Nxb6 axb6 26. Rab1 Rc5 27. Rd6 Re6 28. Rd5 Kf8 29. Rxc5 bxc5 30. Rxb5 Ke7 31. Rb7 f6 32. Be4 Rb6 33. Bxe5 Rxb7 34. Bxf6+ gxf6 35. Bxb7 Kd6 36. Kf1 Ne5 37. Ke1 c4 38. Kd2 Kc5 39. Kc2 Kb4 40. Be4 Nf7 41. e3 Nd6 42. Bg6 Nb5 43. f4 Na3+ 44. Kc1 Kc3 45. Be4 Nb5 46. Bc2 Nc7 47. f5 Nd5 48. e4 Nf4 49. e5 fxe5 50.
f6 Ne6 51. Bf5 Nf8 52. f7 Kd4 53. Kd2 e4 54. Kc2 c3 55. Bc8 Ng6 56. Bf5 Nf8 57. Bc8 e3 58. Bf5 e2 59. Bd3 e1=Q 60. Be2 Qd2+ 0-1

[Event "*** SCC Grand Prix: Titled Tuesday Blitz"]
[Site "Chess.com"]
[Date "2020.09.29"]
[Round "5"]
[White "picturesquecheck"]
[Black "ChessArchitect64"]
[Result "1/2-1/2"]
[WhiteElo "2185"]
[BlackElo "1983"]
[TimeControl "180+1"]
[EndTime "10:56:33 PDT"]
[Termination "Game drawn by stalemate"]

1. e4 c5 2. Nf3 d6 3. d4 cxd4 4.
Nxd4 Nf6 5. Nc3 Nc6 6. Bg5 e6 7. Qd2 Be7 8. O-O-O O-O 9. f4 a6 10. Kb1 Qc7 11. Nxc6 Qxc6 12. Bd3 h6 13. Bxf6 Bxf6 14. e5 dxe5 15. Ne4 Be7 16. fxe5 Qc7 17. Qf4 f6 18. Rdf1 Qxe5 19. Qxe5 fxe5 20. g4 b5 21.
Ng3 Bb7 22. Be4 Bxe4 23. Nxe4 Rxf1+ 24. Rxf1 Rf8 25. Rxf8+ Kxf8 26. c3 Kf7 27. Kc2 Kg6 28. Kd3 h5 29. h3 hxg4 30. hxg4 Kf7 31. b3 Ke8 32. c4 bxc4+ 33. Kxc4 Kd7 34. b4 Kc6 35. a4 g6 36. b5+ axb5+ 37. axb5+ Kb6 38. Nc3 Bd6 39. Na4+ Ka5 40. Nc3 Kb6 41. Ne4 Be7 42.
Ng3 Bh4 43. Ne2 e4 44. Nc3 e3 45. Ne2 e5 46. Nc3 Bf6 47. Nd5+ Kb7 48. Nxe3 Bg5 49.
Nd5 Bd8 50. Kd3 Bh4 51. Ke4 Bg3 52. Ne3 Kb6 53. Nc4+ Kxb5 54. Nxe5 g5 55. Nf7 Bf4 56. Kf5 Kc6 57. Nxg5 Bc1 58. Ne6 Kd6 59. Nf4 Ke7 60. g5 Bxf4 61. Kxf4 Kf7 62. Kf5 Kg7 63. g6 Kg8 64.
Kg5 Kg7 65. Kh5 Kg8 66. Kh6 Kh8 67. Kh5 Kg7 68. Kg5 Kg8 69. Kf6 Kf8 70. Kf5 Kg7 71.
Kg5 Kg8 72. Kh6 Kh8 73. g7+ Kg8 74. Kg6 1/2-1/2

[Event "*** SCC Grand Prix: Titled Tuesday Blitz"]
[Site "Chess.com"]
[Date "2020.09.29"]
[Round "5"]
[White "VladaSviridova"]
[Black "AntonovaNadezhda"]
[Result "1-0"]
[WhiteElo "2258"]
[BlackElo "2055"]
[TimeControl "180+1"]
[EndTime "10:56:35 PDT"]
[Termination "VladaSviridova won by checkmate"]

1. d4 Nf6 2. c4 g6 3. Nc3 Bg7 4. e4 d6 5. Nf3 O-O 6. Be2 e5 7. O-O Nc6 8. d5 Ne7 9. Ne1 Nd7 10. Be3 f5 11. f3 f4 12. Bf2 g5 13. Nd3 Ng6 14. c5 Rf7 15. Rc1 Bf8 16. Kh1 Nf6 17. Rg1 h5 18. a4 g4 19. g3 fxg3 20. Bxg3 h4 21. Bf2 g3 22. hxg3 hxg3 23. Rxg3 Rh7+ 24.
Kg1 Kf7 25. Be3 Nh5 26. Rg2 Qh4 27. Bg5 Qh3 28. Nf2 Qd7 29. c6 Qe8 30. cxb7 Bxb7 31. Bb5 Qc8 32. Ng4 Nhf4 33. Bxf4 Nxf4 34. Rg3 a6 35. Bc4 Be7 36. Bf1 Qh8 37. Ne2 Bd8 38. Nxf4 exf4 39. Rg2 Rh1+ 40. Kf2 Qh4+ 41. Ke2 a5 42.
Qe1 Ba6+ 43. Kd2 Qh3 44. Re2 Qxf1 45. Qxf1 Rxf1 46. Rxf1 Bxe2 47. Kxe2 Bf6 48. Nxf6 Kxf6 49. Rc1 Ra7 50. Rc4 Ke5 51. Kd3 Rb7 52. Kc3 Kf6 53. Rc6 Ke5 54. Ra6 Rb4 55. b3 Rb7 56. Rxa5 Rb6 57. Ra7 c6 58. Re7+ Kf6 59. Re6+ Kf7 60.
Rxd6 cxd5 61. Rxb6 dxe4 62. fxe4 f3 63. Kd2 f2 64. Ke2 Ke7 65. Kxf2 Kd7 66. Ke3 Kc7 67.
a5 Kc8 68. e5 Kc7 69. e6 Kd8 70. Kd4 Ke7 71. Ke5 Ke8 72. a6 Ke7 73. a7 Kd8 74.
a8=Q+ Kc7 75. Qb7+ Kd8 76. Qd7# 1-0

[Event "*** SCC Grand Prix: Titled Tuesday Blitz"]
[Site "Chess.com"]
[Date "2020.09.29"]
[Round "5"]
[White "MashaFromRussia"]
[Black "Gahan-MG"]
[Result "1/2-1/2"]
[WhiteElo "2410"]
[BlackElo "2580"]
[TimeControl "180+1"]
[EndTime "10:56:37 PDT"]
[Termination "Game drawn - insufficient material"]

1. d4 Nf6 2. c4 g6 3. Nf3 Bg7 4.
g3 O-O 5. Bg2 d5 6. cxd5 Nxd5 7.
O-O Nb6 8. Nc3 Nc6 9. d5 Na5 10.
e4 c6 11. Re1 Bg4 12. h3 Bxf3 13. Bxf3 cxd5 14. exd5 Nac4 15. Qb3 Rc8 16. Bf4 Nxb2 17. Re3 N2c4 18. Rd3 Nd7 19. Rc1 Qa5 20. Ne4 Nde5 21.
Rdc3 Nxf3+ 22. Rxf3 Qxd5 23. Nd2 b5 24. a4 a6 25. Rd3 Qe6 26. Nf3 Nb2 27. Rxc8 Rxc8 28. Qxe6 fxe6 29. Rd7 bxa4 30. Ra7 h6 31. Rxa6 Rc3 32.
Ne5 a3 33. Nxg6 Nd3 34. Nxe7+ Kf7 35. Ra7 Nxf4 36. Nd5+ Kg6 37. Nxc3 Nxh3+ 38. Kg2 Bxc3 39. Kxh3 Bb2 40. Kg4 h5+ 41. Kf3 Kf5 42. Ra5+ e5 43. Ke3 Kg4 44. Ke4 Kh3 45. Ra8 Kg2 46. f4 exf4 47.
gxf4 h4 48. f5 h3 49. f6 h2 50. f7 h1=Q 51. f8=Q Kg3+ 52. Kf5 Qd5+ 53. Kg6 Qe6+ 54.
Kh7 Qe4+ 55. Kh6 Qh4+ 56. Kg6 Qg4+ 57. Kf7 Qf5+ 58. Ke7 Qe5+ 59. Kd7 Qd5+ 60. Qd6+ Qxd6+ 61. Kxd6 Kf4 62. Kc5 Ke3 63. Kb4 Kd2 64. Rxa3 Bxa3+ 1/2-1/2

[Event "*** SCC Grand Prix: Titled Tuesday Blitz"]
[Site "Chess.com"]
[Date "2020.09.29"]
[Round "5"]
[White "ferdipy"]
[Black "winniethepooh04"]
[Result "1/2-1/2"]
[WhiteElo "2365"]
[BlackElo "2207"]
[TimeControl "180+1"]
[EndTime "10:56:38 PDT"]
[Termination "Game drawn - insufficient material"]

1. e4 e6 2. d4 d5 3. Nc3 dxe4 4. Nxe4 Nd7 5. Nf3 Ngf6 6. Ng3 c5 7. c3 cxd4 8. Nxd4 a6 9. Bd3 Be7 10. O-O O-O 11. Qe2 Re8 12. Bf4 e5 13. Bxe5 Nxe5 14. Qxe5 Ba3 15. Qg5 h6 16. Qd2 Bc5 17. Bc2 Bxd4 18.
cxd4 Be6 19. Rfe1 Bd5 20. f3 Qb6 21. b3 Rad8 22. Kh1 Bc6 23. Rxe8+ Nxe8 24. Rd1 Nf6 25. h3 Nd5 26. Ne4 Nb4 27. Bb1 Nd5 28. Qf2 Qb4 29. Qh4 Qe7 30. Qg3 Ne3 31. Re1 Nf5 32.
Qe5 Bxe4 33. Bxe4 Qxe5 34. dxe5 Ng3+ 35. Kh2 Nxe4 36. Rxe4 Rd7 37. Re2 Kf8 38. g4 g5 39.
Kg3 Ke7 40. h4 Ke6 41. hxg5 hxg5 42. Re4 Rd5 43. f4 Rd3+ 44. Kf2 gxf4 45. Rxf4 Rd5 46. Ke3 Rxe5+ 47. Kd4 Re2 48. a4 Rb2 49. Kc4 Rb1 50. b4 Ra1 51. a5 Rc1+ 52. Kd4 Ke7 53. Rf5 Rg1 54. Rf4 Kd6 55. Rxf7 Rxg4+ 56. Kc3 Kc6 57. Rf6+ Kc7 58. Rf3 Kc6 59. Rd3 Kc7 60. Kb3 Kb8 61. Kc3 Ka7 62. Rd4 Rg5 63. Kc4 Kb8 64. Rd7 Kc8 65. Rh7 Rf5 66. Rh4 Rg5 67. Rd4 Kc7 68.
Rd5 Rg4+ 69. Kc5 Rg6 70. Rh5 Rc6+ 71. Kd5 Rg6 72. Rh7+ Kb8 73. Re7 Ka7 74. Re5 Rf6 75. Kc5 Rh6 76. Rd5 Rc6+ 77. Kd4 Rh6 78. Kc5 Rc6+ 79.
Kd4 Rh6 80. Rg5 Rd6+ 81. Rd5 Rxd5+ 82. Kxd5 b6 83. Kc6 bxa5 84. bxa5 Kb8 85. Kb6 Ka8 86. Kxa6 Kb8 87. Kb6 Ka8 88. a6 Kb8 89. a7+ Ka8 90. Kc7 Kxa7 1/2-1/2

[Event "*** SCC Grand Prix: Titled Tuesday Blitz"]
[Site "Chess.com"]
[Date "2020.09.29"]
[Round "5"]
[White "WIDBIFS"]
[Black "TrimitziosP7"]
[Result "1-0"]
[WhiteElo "2649"]
[BlackElo "2823"]
[TimeControl "180+1"]
[EndTime "10:56:45 PDT"]
[Termination "WIDBIFS won on time"]

1. d4 Nf6 2. Nf3 c5 3. d5 e6 4. Nc3 d6 5. e4 e5 6. Bb5+ Nbd7 7.
a4 Be7 8. O-O O-O 9. Nd2 a6 10.
Bxd7 Bxd7 11. a5 g6 12. Re1 Nh5 13. Nc4 Ng7 14. f4 f6 15. Be3 Rb8 16. Nb6 Nh5 17.
f5 Ng7 18. g4 Qe8 19. Qf3 Kf7 20. Bh6 Rg8 21. Kh1 Bd8 22. Rf1 Bb5 23. Rf2 Rf8 24. h4 Kg8 25. Rg1 Bxb6 26. axb6 Bd7 27. Qg2 Qd8 28.
g5 fxg5 29. Bxg5 Qe8 30. Bh6 Qe7 31. Bg5 Qe8 32. Nd1 Kh8 33. Bh6 Qe7 34. Bg5 Qe8 35. Ne3 Bb5 36. c4 Bd7 37. b3 Nh5 38. Bh6 Rg8 39.
f6 Qf7 40. Qg5 Rge8 41. Nf1 Nf4 42. Ng3 Nh3 43. Qe3 Nxf2+ 44. Qxf2 Rg8 45. Rf1 Rbf8 46. Kh2 Bg4 47. Qe3 Re8 48. Rf2 Bd7 49. Qg5 Ref8 50. Nf1 Re8 51. Kg3 Ref8 52. Nh2 Re8 53. Qe3 Bc8 54.
Qg5 Qd7 55. Kg2 Qf7 56. Kg1 Ref8 57. Nf1 Re8 58. Nd2 Ref8 59. Nf1 Re8 60. Ng3 Ref8 61. Bxf8 Rxf8 62. h5 gxh5 63. Qxh5 Qxh5 64. Nxh5 Rg8+ 65. Kh2 Bg4 66. f7 Rf8 67. Nf6 Bc8 68. Ne8 1-0

[Event "*** SCC Grand Prix: Titled Tuesday Blitz"]
[Site "Chess.com"]
[Date "2020.09.29"]
[Round "5"]
[White "Chamal_Gedgafov"]
[Black "MateusViageiro"]
[Result "1/2-1/2"]
[WhiteElo "2149"]
[BlackElo "2343"]
[TimeControl "180+1"]
[EndTime "10:56:46 PDT"]
[Termination "Game drawn by stalemate"]

1. d4 Nf6 2. c4 e6 3. Nf3 Bb4+ 4. Nbd2 d5 5. cxd5 exd5 6. g3 O-O 7. Bg2 Bd6 8. O-O c6 9. Nb3 h6 10. a4 a5 11. Bd2 Bc7 12. Nc5 Ne4 13. Bc3 Nxc5 14.
dxc5 Nd7 15. Qc2 Re8 16. e3 Qe7 17. Bd4 Ne5 18. Nxe5 Bxe5 19. Qc3 Qf6 20. Rfd1 Bg4 21. Rd2 Bxd4 22. Rxd4 Bf5 23. Ra3 Bg6 24. Rb3 Re7 25. Rb6 Qf5 26. Qb3 Qb1+ 27. Rd1 Qc2 28. Qxc2 Bxc2 29.
Rc1 Bxa4 30. b3 Bb5 31. Bxd5 a4 32. bxa4 Rxa4 33. Bf3 Rd7 34. Kg2 Ra2 35. Rd1 Rxd1 36. Bxd1 Ba6 37. Bg4 Ra5 38. Bc8 Rxc5 39. Bxb7 Rb5 40.
Rxb5 Bxb5 41. Kf3 Kf8 42. Ke4 Ke7 43. Bc8 Kd6 44. Kd4 c5+ 45. Ke4 Bc6+ 46. Kd3 g5 47.
f4 Bd5 48. e4 Bc6 49. e5+ Kc7 50. Bg4 Bd5 51. h4 gxh4 52. gxh4 Kb6 53. Kc3 Kb5 54. Bd7+ Kb6 55. f5 Kc7 56. e6 fxe6 57. Bxe6 Bxe6 58. fxe6 Kd6 59. Kc4 Kxe6 60. Kxc5 Kf5 61. Kd4 h5 62.
Ke3 Kg4 63. Kf2 Kxh4 64. Kg2 Kg4 65. Kh2 h4 66. Kg2 h3+ 67. Kh2 Kh4 68. Kh1 Kg3 69. Kg1 h2+ 70. Kh1 Kh3 1/2-1/2

[Event "*** SCC Grand Prix: Titled Tuesday Blitz"]
[Site "Chess.com"]
[Date "2020.09.29"]
[Round "5"]
[White "Fandorine"]
[Black "Pultis"]
[Result "1-0"]
[WhiteElo "2917"]
[BlackElo "2733"]
[TimeControl "180+1"]
[EndTime "10:56:50 PDT"]
[Termination "Fandorine won by resignation"]

1. e4 c6 2. Nf3 d5 3. d3 Qc7 4.
Nc3 e6 5. a3 g6 6. d4 Bg7 7. e5 Ne7 8. h4 h6 9. Bd3 a6 10. Ne2 c5 11. c3 Bd7 12. Bf4 Bb5 13.
Bxb5+ axb5 14. dxc5 Qxc5 15. Ned4 Nbc6 16. O-O Nf5 17.
Nxf5 gxf5 18. Qd2 Ra4 19. b4 Qc4 20. Rfe1 Bf8 21. Nd4 Be7 22. h5 Rg8 23. Bxh6 Rh8 24. f3 Bd8 25. g4 fxg4 26. fxg4 Rg8 27. Qf4 Nxd4 28. cxd4 Bb6 29. Rad1 Rxa3 30. Rf1 Qc7 31. Rc1 Qd7 32. Rc8+ Bd8 33. Rxd8+ Kxd8 34. Bg5+ Kc8 35.
h6 Qe8 36. Kg2 Ra2+ 37. Kg3 Ra3+ 38. Rf3 Rxf3+ 39. Kxf3 Kb8 40. Qf6 Rg6 41. Qf4 Qg8 42. Bf6 Qh7 43. g5 Rg8 44. Be7 Qd3+ 45. Kg4 Qe2+ 46.
Kg3 Qe1+ 47. Qf2 Qc3+ 48. Kh4 Qd3 49. Qxf7 Qe4+ 50. Kg3 Rc8 51. Bd6+ Ka8 52. Bc7 Qd3+ 53. Kg4 Qe2+ 54. Kh4 Qe1+ 55. Kg4 Qg1+ 56. Kh4 Qh2+ 57. Kg4 Qe2+ 58. Kh4 Qe4+ 59. Kh5 Qh1+ 60. Kg6 Qd1 61. Kg7 Qg1 62. g6 Qxd4 63. h7 Qh4 64. Bd6 Rd8 65. Qe7 Qxe7+ 66. Bxe7 Rc8 67. h8=Q Ka7 68. Qxc8 b6 69. Qxe6 Ka6 70. Qxd5 Ka7 71. Bc5 Ka6 72. Bxb6 Kxb6 73. Qxb5+ 1-0

[Event "*** SCC Grand Prix: Titled Tuesday Blitz"]
[Site "Chess.com"]
[Date "2020.09.29"]
[Round "5"]
[White "TimofeevAr"]
[Black "tsvet2005"]
[Result "0-1"]
[WhiteElo "2850"]
[BlackElo "2652"]
[TimeControl "180+1"]
[EndTime "10:56:51 PDT"]
[Termination "tsvet2005 won by resignation"]

1. e4 c5 2. Nc3 d6 3. Bc4 Nf6 4. d3 e6 5. Nf3 Be7 6. O-O O-O 7. Re1 a6 8. a3 Nbd7 9. Bf4 b6 10. Ne2 Bb7 11. Ng3 Re8 12. Ba2 Qc7 13. h3 Rad8 14. c3 Qb8 15. Qe2 Qa8 16. Rad1 b5 17. Ng5 h6 18. Nf3 Nb6 19. Qe3 Bf8 20. Qc1 c4 21. Be3 Nbd7 22. dxc4 Nxe4 23. Nf1 bxc4 24. Bxc4 Nef6 25.
Be2 Ne5 26. N1h2 Nd5 27. Bd4 Nc6 28. c4 Nxd4 29. Nxd4 Nf6 30. Bf3 d5 31. cxd5 Nxd5 32. Ng4 Rc8 33. Qd2 Red8 34. Qa5 Rc5 35. Qa4 Nb6 36. Qb3 Bxf3 37. Nxf3 Nd5 38. Nge5 Rb8 39.
Qa2 Rc2 40. Nd3 Qb7 41. Qb1 Rbc8 42. Nd4 R2c4 43. Ne5 R4c7 44. Qa2 Qa7 45. Qb3 Rb8 46. Qa2 Bc5 47. Nef3 Bf8 48. Nxe6 fxe6 49. Rxe6 Rc2 50. Nd4 Nc3 51. Qc4 Ne2+ 52. Qxe2 Rxe2 53. Rxe2 Bc5 54. Nf3 a5 55. Red2 a4 56. Ne5 Rf8 57. Nd3 Bd4 58.
Re2 Qb6 59. Rdd2 Rc8 60. g3 Qb8 61. Kg2 Qb7+ 62. Kh2 Bb6 63. h4 Rd8 64. Nf4 Rxd2 65. Rxd2 Qf3 66. Nh3 Ba5 67. Rc2 Qb3 68. Re2 Bb6 69. Nf4 Bd4 70. h5 Bxb2 71. Ng6 Bxa3 72. Re8+ Kf7 73. Re3 Bd6 74. Nh8+ Kf6 75. Ng6 Qxe3 76.
fxe3 a3 0-1

[Event "*** SCC Grand Prix: Titled Tuesday Blitz"]
[Site "Chess.com"]
[Date "2020.09.29"]
[Round "5"]
[White "Koksik_13"]
[Black "FairChess_on_YouTube"]
[Result "0-1"]
[WhiteElo "2656"]
[BlackElo "2933"]
[TimeControl "180+1"]
[EndTime "10:56:56 PDT"]
[Termination "FairChess_on_YouTube won on time"]

1. d4 d5 2. Nc3 Bf5 3. Bf4 e6 4. e3 Bd6 5. Bxd6 Qxd6 6. Nf3 Ne7 7. Bd3 O-O 8. O-O Nd7 9. e4 dxe4 10. Nxe4 Qb6 11.
Ng3 Bxd3 12. Qxd3 Rfd8 13. b3 c5 14. Ng5 Nf8 15. Qf3 f6 16. dxc5 Qxc5 17. N5e4 Qc6 18. Nh5 Neg6 19. Rad1 f5 20. Ng5 Qxf3 21. Nxf3 e5 22.
Ng3 f4 23. Ne4 Ne6 24. c3 h6 25. h4 h5 26. Rfe1 a5 27. a4 b6 28. Kf1 Kf8 29. Ke2 Ke7 30. g3 Rac8 31. Rxd8 Rxd8 32. Rg1 fxg3 33. fxg3 Rc8 34. Rd1 Nc5 35. Nxc5 Rxc5 36. c4 Nf8 37. Ng5 Nd7 38. Ne4 Rc6 39. Rd5 Nc5 40.
Rxe5+ Re6 41. Rxe6+ Kxe6 42. Nd2 Ke5 43. Ke3 g6 44.
Nf3+ Kf5 45. Nd4+ Kg4 46. Kf2 Ne4+ 47. Kg2 Nxg3 48. Nc6 Nf5 49. Ne5+ Kxh4 50. Nd7 Nd4 51. Nxb6 Nxb3 52. Nd7 Kg5 53. c5 Kf5 54. c6 Ke6 55. Nb6 Kd6 56. Nc4+ Kxc6 57. Ne5+ Kc5 58. Nxg6 Kb4 59.
Ne5 Kxa4 60. Nc6 Nc5 61. Kh3 Ne6 62. Kh4 Ng7 63. Kg5 Kb5 64. Nd4+ Kc4 65. Nc2 a4 66. Na3+ Kb3 67. Nb5 a3 68. Nd4+ Kb2 69. Nf5 Nxf5 0-1

[Event "*** SCC Grand Prix: Titled Tuesday Blitz"]
[Site "Chess.com"]
[Date "2020.09.29"]
[Round "5"]
[White "mr_gustavo"]
[Black "Arkady_Gitelson"]
[Result "1-0"]
[WhiteElo "2362"]
[BlackElo "2547"]
[TimeControl "180+1"]
[EndTime "10:56:57 PDT"]
[Termination "mr_gustavo won by resignation"]

1. d4 Nf6 2. c4 e6 3. Nf3 Bb4+ 4. Nbd2 c5 5. a3 Bxd2+ 6. Qxd2 b6 7. g3 Bb7 8. Bg2 O-O 9. O-O cxd4 10. Nxd4 Bxg2 11.
Kxg2 a6 12. b4 Qc7 13. Qd3 Rc8 14. Bb2 Qxc4 15. Rac1 Qd5+ 16. e4 Qb7 17. Rxc8+ Qxc8 18. Rc1 Nc6 19. Nxc6 dxc6 20. Bxf6 gxf6 21. Qd6 c5 22. bxc5 bxc5 23. Rxc5 Qe8 24. Qf4 Qa4 25. Qxf6 Qxe4+ 26. Kh3 Kf8 27. Rc7 Qg6 28. Qh8+ Qg8 29. Qe5 Qg6 30.
Qh8+ Qg8 31. Qc3 Qg6 32. Qb4+ Kg7 33. Rc4 Qf5+ 34. Rg4+ Kh8 35. Qd4+ e5 36. Qe4 Qxe4 37. Rxe4 f6 38. Kg4 Kg7 39. Kf5 Rb8 40. Rg4+ Kf7 41.
Rc4 Rb7 42. Rc6 Rb3 43. Rxf6+ Kg7 44. Rxa6 Rf3+ 45. Kxe5 Rxf2 46. h4 Rf3 47. Ra7+ Kg6 48. g4 Rh3 49. h5+ Kh6 50. Kf4 Rb3 51. g5+ Kxh5 52.
Rxh7+ Kg6 53. Ra7 Rb1 54. Ra6+ Kg7 55. a4 Rf1+ 56. Ke5 Re1+ 57. Kd5 Ra1 58. g6 Rd1+ 59. Kc6 Kxg6 60. Kb7+ Kf7 61. a5 Ke7 62. Rc6 Kd7 63. Rc2 Rb1+ 64. Ka7 Kd6 65. a6 Kd7 66. Ka8 Kd8 67. a7 Kd7 68. Rh2 Kc7 69. Rh6 Rb3 70. Rh7+ Kc6 71. Rh8 Kc7 72. Rb8 Ra3 73. Rb1 Ra6 74.
Rc1+ Kd7 75. Kb7 1-0

[Event "*** SCC Grand Prix: Titled Tuesday Blitz"]
[Site "Chess.com"]
[Date "2020.09.29"]
[Round "5"]
[White "Nara_Kh"]
[Black "deribas12345"]
[Result "0-1"]
[WhiteElo "2398"]
[BlackElo "2628"]
[TimeControl "180+1"]
[EndTime "10:56:59 PDT"]
[Termination "deribas12345 won by checkmate"]

1. e4 c5 2. Nf3 d6 3. d4 cxd4 4. Nxd4 Nf6 5. Nc3 a6 6. h3 e5 7. Nde2 Be7 8. g4 Nc6 9. Bg2 b5 10.
g5 Nh5 11. h4 Bg4 12. f3 Be6 13. Be3 Rc8 14. Qd2 O-O 15. O-O-O g6 16. Kb1 Re8 17. f4 exf4 18. Nxf4 Nxf4 19. Bxf4 Ne5 20. h5 gxh5 21.
Rxh5 Bg4 22. Rdh1 Bxh5 23. Rxh5 Ng6 24. Nd5 Rc4 25. b3 Rc5 26. Bh3 Rxd5 27. exd5 Bf8 28. Be3 Qe7 29. Bd4 Qe1+ 30. Qxe1 Rxe1+ 31. Kb2 Rd1 32. Bf6 Rxd5 33. Bc8 a5 34. Bb7 Rf5 35. Be4 Rf2 36.
Kc3 Bg7 37. Bxg7 Kxg7 38. a4 bxa4 39. bxa4 Rf4 40. Kd4 Rg4 41. Ke3 Rg3+ 42. Kd4 Ra3 43. Bc6 Ne5 44. Bb5 Ra1 45. Kd5 Rd1+ 46. Ke4 Kg6 47.
Rh6+ Kxg5 48. Rh2 f5+ 49. Ke3 f4+ 50. Ke4 Re1+ 51. Kd5 f3 52. Rf2 Kf4 53. Bd7 Ke3 54. Rh2 f2 55. Bb5 Rd1+ 56. Ke6 f1=Q 57. Bxf1 Rxf1 58.
Kxd6 Nc4+ 59. Kc5 Na3 60. Kb6 Nc4+ 61. Kc5 Nd2 62. Kb5 Ne4 63. Kxa5 Rf7 64. Rh3+ Kd4 65. Rd3+ Kc4 66. Kb6 Nc5 67. Rh3 Nxa4+ 68. Kc6 Nc3 69.
Kd6 Ne2 70. Ke6 Ra7 71. Kf5 Nd4+ 72. Kg5 Nxc2 73. Kf6 Nd4 74. Kg5 Kd5 75. Kh6 Ke5 76.
Rh5+ Nf5+ 77. Kg5 Rg7# 0-1

[Event "*** SCC Grand Prix: Titled Tuesday Blitz"]
[Site "Chess.com"]
[Date "2020.09.29"]
[Round "5"]
[White "mjray79"]
[Black "Ziachess74"]
[Result "1/2-1/2"]
[WhiteElo "2423"]
[BlackElo "2640"]
[TimeControl "180+1"]
[EndTime "10:57:12 PDT"]
[Termination "Game drawn by repetition"]

1. d4 d5 2. c4 e6 3. Nf3 Nf6 4. g3 c5 5. cxd5 exd5 6. Bg2 Nc6 7. O-O cxd4 8. Nxd4 Bc5 9. Nb3 Bb6 10. Nc3 d4 11. Nb5 O-O 12. Bxc6 bxc6 13. N5xd4 Ba6 14. Be3 Ng4 15. Bf4 c5 16. Nf5 Qxd1 17. Rfxd1 Bxe2 18. Rd2 Rfe8 19. Nd6 Re6 20. a4 c4 21. Nd4 Bxd4 22.
Rxd4 Rd8 23. h4 h6 24. Nb5 Rxd4 25. Nxd4 Re4 26. Be3 Bd3 27. Re1 Nxe3 28. fxe3 Re7 29. Kf2 Rb7 30. Kf3 Rxb2 31. e4 Ra2 32. Nc6 Rxa4 33.
Rc1 f6 34. Ke3 Ra2 35. Nb4 Re2+ 36. Kd4 Rxe4+ 37. Kc5 Rg4 38. Rg1 a5 39. Nc6 a4 40.
Kb4 Be2 41. Kxa4 Bf3 42. Nb4 h5 43. Ka3 Kh7 44. Kb2 f5 45. Kc3 f4 46. Rf1 Rxg3 47.
Nc2 Bg4+ 48. Kd4 f3 49. Kxc4 Rh3 50. Ne3 Rxh4 51. Kd3 Rh2 52. Ke4 Kh6 53. Kf4 Kg6 54. Rb1 Rh4 55. Kg3 Rh3+ 56. Kf4 Kh7 57. Nxg4 Rh4 58. Kxf3 Rxg4 59. Rh1 Kh6 60. Rg1 g6 61. Rxg4 hxg4+ 62. Kxg4 g5 63. Kg3 Kg6 64. Kg4 Kf6 65. Kg3 Kf5 66. Kf3 Ke5 67. Kg4 Kf6 68. Kg3 Kg6 69. Kg4 Kh6 70. Kg3 Kh5 71. Kh3 g4+ 72. Kg3 Kg5 73. Kg2 Kh4 74. Kh2 Kg5 75. Kg3 Kf5 76.
Kg2 Kf4 77. Kf2 g3+ 78. Kg2 Kg4 79. Kg1 Kh4 80. Kg2 Kg4 81. Kg1 Kf4 82. Kg2 Kg4 1/2-1/2

[Event "*** SCC Grand Prix: Titled Tuesday Blitz"]
[Site "Chess.com"]
[Date "2020.09.29"]
[Round "5"]
[White "Lagmantr"]
[Black "Nikithebest"]
[Result "0-1"]
[WhiteElo "2627"]
[BlackElo "2429"]
[TimeControl "180+1"]
[EndTime "10:57:20 PDT"]
[Termination "Nikithebest won on time"]

1. d4 d5 2. c4 e6 3. Nc3 a6 4.
cxd5 exd5 5. Bf4 Nf6 6. e3 Bd6 7. Bd3 c6 8. Nge2 h6 9. O-O O-O 10. h3 Re8 11. Bc2 Qe7 12. Rb1 Be6 13. Bxd6 Qxd6 14. Nf4 Nbd7 15. b4 b5 16. a4 Nb6 17.
a5 Nc4 18. Nd3 Bf5 19. Nc5 Bxc2 20. Qxc2 g6 21. Ne2 Kg7 22. Nf4 Qe7 23. Nfd3 Ne4 24. Rfe1 Qg5 25. Nxe4 Rxe4 26. Nc5 Re7 27. Qe2 f5 28. g3 Qf6 29. Rbd1 g5 30. Qf3 Kg6 31.
Kg2 Nd6 32. g4 fxg4 33. Qxf6+ Kxf6 34. hxg4 Kg6 35. Rh1 Rh7 36. Rh3 h5 37. gxh5+ Rxh5 38. Rxh5 Kxh5 39. Rh1+ Kg6 40. f3 Nc4 41. Kf2 Na3 42.
Nd3 Nc4 43. Nc5 Na3 44. Ke2 Nc4 45. e4 dxe4 46. fxe4 Re8 47. e5 Ra8 48. Kd3 g4 49. Ke4 Kg5 50. Rh7 Rf8 51. Rg7+ Kh4 52. Nxa6 Kg3 53.
e6 Rf4+ 54. Kd3 Nd6 55. Nc5 Nf5 56. e7 Nxg7 57. Ne6 Rf3+ 58. Kd2 Ne8 59. a6 Rf2+ 60. Ke3 Ra2 61. Nc5 Ra3+ 62. Ke4 Kg2 63. Ke5 g3 64.
Ke6 Kf1 65. Kd7 Ng7 66. Ne6 Rxa6 67. Nxg7 Ra7+ 68. Kd6 Rxe7 69. Nf5 g2 70. Nxe7 g1=Q 71. Nxc6 Qg6+ 72. Kc5 Qd3 73. d5 Qc4+ 74. Kd6 Ke2 75.
Ke5 Ke3 76. Kd6 Ke4 77. Kc7 Qxd5 78. Kb6 Kd3 79. Na7 Kc4 80. Nc6 Qe4 81. Na7 Qe6+ 82. Ka5 Qf6 0-1

[Event "*** SCC Grand Prix: Titled Tuesday Blitz"]
[Site "Chess.com"]
[Date "2020.09.29"]
[Round "5"]
[White "PavelShkapenko"]
[Black "KarstenHansch"]
[Result "1-0"]
[WhiteElo "2709"]
[BlackElo "2469"]
[TimeControl "180+1"]
[EndTime "10:57:40 PDT"]
[Termination "PavelShkapenko won by resignation"]

1. e4 c6 2. d4 d5 3. e5 Bf5 4. h4 h5 5. Bd3 Bxd3 6. Qxd3 Qa5+ 7. Nd2 e6 8. Nf3 Ne7 9. O-O Nf5 10. c4 Be7 11. g3 Qa6 12. Qc2 dxc4 13. Nxc4 O-O 14. Bg5 Nd7 15. Bxe7 Nxe7 16. Nd6 g6 17.
Ng5 Nf5 18. Nxf5 exf5 19. e6 f6 20. Nf7 Nb6 21. Qd2 Rxf7 22. exf7+ Kxf7 23. Qh6 Rg8 24. Rfe1 Nd5 25. Qh7+ Rg7 26. Qh8 Rg8 27. Qh7+ Rg7 28. Qh6 Rg8 29. Qd2 Qb6 30. Re2 Qb4 31. Qd3 Qd6 32.
Rae1 Rd8 33. Qd2 Kg7 34. Re6 Qd7 35. a3 Qf7 36. b4 a6 37. Qc2 Rd7 38. Qc5 f4 39. Kg2 fxg3 40. fxg3 f5 41. R1e5 f4 42. Qc1 fxg3 43. Kxg3 Nf6 44. Qg5 Ng4 45. Re7 Nxe5 46. Rxf7+ Nxf7 47. Qf4 Nd6 48. Qe5+ Kf7 49. Kf4 Nf5 50. Kg5 Rxd4 51. Qf6+ Ke8 52. Qxg6+ Ke7 53. Kxf5 Rd5+ 54. Ke4 Kd7 55. Qg7+ Kc8 56. Qf8+ Kc7 57.
a4 Kb6 58. Qa8 a5 59. bxa5+ Rxa5 60. Qd8+ Ka6 61. Kd3 Rxa4 62. Qa8+ Kb5 63. Qxb7+ Kc5 64. Qe7+ Kb6 65. Qd8+ Kb7 66. Qe7+ Kb6 67. Qe3+ Ka6 68. Qc5 Rxh4 69. Qxc6+ Ka5 70. Qc5+ Ka4 71. Qa7+ Kb5 72. Qb7+ Ka5 73. Qa8+ Kb5 74. Qb8+ Ka4 75. Qa7+ Kb3 76. Qf7+ Ka4 77. Qe8+ Kb3 78. Qe6+ Ka4 79. Qa2+ Kb5 80. Qd5+ Ka4 81. Qc6+ Kb3 82. Qc3+ Ka2 83. Qa5+ Kb3 84.
Qb5+ Rb4 85. Qd5+ Ka4 86. Qxh5 Rb3+ 87. Kc2 Rb4 88. Qe8+ Ka5 89. Qa8+ Kb5 90. Qd5+ Ka4 91. Kc3 Rb1 92. Qa2+ Kb5 93. Qxb1+ 1-0